[Event "Team 45 45 League T66"]
[Site "Internet Chess Club"]
[Date "2015.09.25"]
[Round "4"]
[White "Bible-Believer"]
[Black "PostMike"]
[Result "1-0"]
[WhiteElo "1524"]
[BlackElo "1549"]
[Opening "Nimzo-Indian: classical variation"]
[ECO "E32"]
[Time "14:30:11"]
[TimeControl "2700+45"]

1. d4 Nf6 2. c4 e6 3. Nc3 Bb4 4. Qc2 O-O 5. a3 Be7 6. Nf3 c5 7. dxc5 Bxc5 8. Bg5
h6 9. Bh4 Be7 10. e3 b6 11. Be2 Bb7 12. O-O d5 13. Rfd1 g5 14. Bg3 Na6 15. cxd5
exd5 16. e4 Nc7 17. Rac1 Rc8 18. Qa4 a6 19. Bxc7 Rxc7 20. Bxa6 Bc6 21. Bb5 Qc8
22. Bxc6 Rxc6 23. exd5 Rc4 24. Qb5 Ne4 25. Ne2 Rxc1 26. Rxc1 Qb7 27. Qc6 Qa6 28.
Qc4 Qxc4 29. Rxc4 Nf6 30. Nc3 Rd8 31. Rd4 Bc5 32. Rd3 Ng4 33. Ne4 Bd6 34. Nxd6
Rxd6 35. h3 Nf6 36. Ne5 Rxd5 37. Rxd5 Nxd5 38. g3 f6 39. Nd7 Kf7 40. Kf1 Ke7 41.
Nb8 Kd6 42. Ke2 b5 43. Na6 Nb6 44. Kd3 Nc4 45. Kc3 Kc6 46. Nb4+ Kc5 47. Nd3+ Kb6
48. a4 Nd6 49. axb5 Kxb5 50. b4 Nc4 51. Kd4 Nb6 52. Ke4 h5 53. Kf5 Nd5 54. Ke6
Kc4 55. b5 h4 56. g4 Nf4+ 57. Nxf4 {Black resigns} 1-0

[Event "Team 45 45 League T66"]
[Site "Internet Chess Club"]
[Date "2015.09.26"]
[Round "4"]
[White "jpokerflat"]
[Black "chesskix"]
[Result "1-0"]
[WhiteElo "1372"]
[BlackElo "1484"]
[Opening "Sicilian: Labourdonnais-Löwenthal (Kalashnikov) variation"]
[ECO "B32"]
[Time "14:00:42"]
[TimeControl "2700+45"]

1. e4 c5 2. Nf3 Nc6 3. d4 cxd4 4. Nxd4 e5 5. Nb5 d6 6. c4 Nf6 7. N1c3 a6 8. Na3
Be7 9. Be2 O-O 10. O-O Nd4 11. Nc2 Nxe2+ 12. Qxe2 Bg4 13. f3 Bd7 14. Ne3 b5 15.
cxb5 axb5 16. Nxb5 Qb6 17. Nc3 Rac8 18. Kh1 Qd8 19. Bd2 Nh5 20. Ned5 Bg5 21. a4
Nf4 22. Bxf4 exf4 23. a5 Re8 24. a6 Ra8 25. Nb5 Bxb5 26. Qxb5 Rb8 27. Qa5 Qxa5
28. Rxa5 Bd8 29. Ra2 g5 30. b4 Kg7 31. Rb1 Kg6 32. b5 f5 33. b6 Bxb6 34. Nxb6
fxe4 35. a7 Rxb6 36. Rxb6 exf3 37. Rxd6+ Kh5 38. Rd1 fxg2+ 39. Kxg2 Ra8 40. Rd7
h6 41. Rb7 Rf8 42. a8=Q Rxa8 43. Rxa8 Kg4 44. h3+ Kf5 45. Kf3 h5 46. Rb5+ Kg6
47. Rg8+ Kf6 48. Rgxg5 h4 49. Kxf4 Ke6 50. Rb6+ Kf7 51. Ra5 {Black resigns} 1-0

[Event "Team 45 45 League T66"]
[Site "Internet Chess Club"]
[Date "2015.09.25"]
[Round "4"]
[White "kingsrook"]
[Black "medsurg"]
[Result "1/2-1/2"]
[WhiteElo "1356"]
[BlackElo "1425"]
[Opening "QGD: exchange, positional line, 6.Qc2"]
[ECO "D36"]
[Time "21:00:22"]
[TimeControl "2700+45"]

1. d4 Nf6 2. c4 e6 3. Nc3 d5 4. cxd5 exd5 5. Bg5 c6 6. Qc2 h6 7. Bh4 Nbd7 8. Nf3
Bd6 9. e3 Qc7 10. Bg3 Bxg3 11. hxg3 Nf8 12. Bd3 Be6 13. Ne5 Ng4 14. Nxg4 Bxg4
15. Bf5 Bxf5 16. Qxf5 Qd7 17. Qe5+ Ne6 18. f4 f6 19. Qh5+ Qf7 20. Qxf7+ Kxf7 21.
g4 Rhe8 22. Kf2 Rad8 23. b4 b6 24. Rad1 c5 25. bxc5 bxc5 26. dxc5 Nxc5 27. Nxd5
Rb8 28. Kf3 Rb2 29. Nc3 Reb8 30. Rb1 a6 {Game drawn by mutual agreement} 1/2-1/2

[Event "Team 45 45 League T66"]
[Site "Internet Chess Club"]
[Date "2015.09.26"]
[Round "4"]
[White "rubo"]
[Black "Bizzy-Ketty"]
[Result "0-1"]
[WhiteElo "1587"]
[BlackElo "1574"]
[Opening "Queen's pawn game"]
[ECO "A46"]
[Time "19:30:30"]
[TimeControl "2700+45"]

1. d4 Nf6 2. Nf3 e6 3. Bf4 d5 4. e3 c5 5. c3 Nc6 6. Bd3 Bd7 7. Nbd2 Qb6 8. Qb3
c4 9. Qxb6 axb6 10. Bc2 Be7 11. h3 O-O 12. Ne5 Rfd8 13. O-O Be8 14. a3 Bd6 15.
Bh2 Ne7 16. Ndf3 h6 17. Rfe1 Ba4 18. Bxa4 Rxa4 19. Nd2 Ra5 20. g4 Rb5 21. Rab1
Nd7 22. Kg2 Nxe5 23. dxe5 Bc7 24. f4 Nc6 25. Nf3 Kf8 26. Red1 Na5 27. Nd4 Rc5
28. f5 exf5 29. gxf5 Re8 30. e6 Bxh2 31. Kxh2 Rc7 32. Kg2 Ke7 33. Kf3 Kf6 34.
Nb5 Rc5 35. exf7 Rf8 36. Nd4 Rxf7 37. Rg1 Nc6 38. Rg6+ Ke7 39. Re1 Ne5+ 40. Ke2
Nxg6 41. fxg6 Rf6 42. Rg1 Rc8 43. h4 Rcf8 44. Rg2 Rf1 45. Kd2 R1f2+ 46. Rxf2
Rxf2+ 47. Kc1 Kf6 48. h5 Kg5 49. Ne6+ Kxh5 50. Nxg7+ Kxg6 51. Ne6 h5 52. Nf4+
Rxf4 {White resigns} 0-1

[Event "Team 45 45 League T66"]
[Site "Internet Chess Club"]
[Date "2015.09.27"]
[Round "4"]
[White "g8wrb"]
[Black "MasterD"]
[Result "0-1"]
[WhiteElo "1298"]
[BlackElo "1491"]
[Opening "Polish (Sokolsky) opening"]
[ECO "A00"]
[Time "11:33:22"]
[TimeControl "2700+45"]

1. b4 e5 2. Bb2 d6 3. e3 Nf6 4. Be2 Be7 5. c4 Bf5 6. Nf3 O-O 7. O-O Nbd7 8. Nc3
c6 9. Qb3 Qb6 10. Rfd1 a5 11. bxa5 Rxa5 12. d3 Qxb3 13. axb3 Rfa8 14. b4 Rxa1
15. Rxa1 Rxa1+ 16. Bxa1 Kf8 17. Kf1 Ke8 18. Ke1 Kd8 19. Kd2 Kc7 20. h3 h6 21.
Na4 g5 22. Bc3 e4 23. Nd4 Bg6 24. f3 exd3 25. Bxd3 Bxd3 26. Kxd3 Ne5+ 27. Ke2
Nxc4 28. Nf5 Nd5 29. Nxe7 Nxe7 30. e4 d5 31. Kd3 Nd6 32. Be5 Ng6 33. Bh2 Nh4 34.
exd5 cxd5 35. Kd4 Kc6 36. b5+ Nxb5+ 37. Ke5 Nxg2 38. Kf6 Nd6 39. Bxd6 Kxd6 40.
Kxf7 Nh4 41. Kg7 Nxf3 42. Kxh6 d4 43. Nb6 d3 44. Kh5 d2 45. Nc4+ Kc5 46. Nxd2
Nxd2 47. Kxg5 Ne4+ 48. Kf4 Kd5 49. h4 Nf6 50. Kf5 Ng8 51. h5 b5 52. Kg6 Ke6 53.
Kg7 Nf6 54. h6 b4 55. Kf8 b3 {White resigns} 0-1

[Event "Team 45 45 League T66"]
[Site "Internet Chess Club"]
[Date "2015.09.26"]
[Round "4"]
[White "NAS"]
[Black "alexkolay"]
[Result "0-1"]
[WhiteElo "1804"]
[BlackElo "1886"]
[Opening "Scotch game"]
[ECO "C45"]
[Time "14:00:35"]
[TimeControl "2700+45"]

1. e4 e5 2. Nf3 Nc6 3. d4 exd4 4. Nxd4 Bc5 5. Nxc6 Qf6 6. Qd2 dxc6 7. Nc3 Bd4 8.
Bd3 Ne7 9. O-O Ng6 10. Kh1 Ne5 11. f4 Ng4 12. Nd1 Nxh2 13. g3 Nxf1 14. Bxf1 Bg4
15. Qh2 {White resigns} 0-1

[Event "Team 45 45 League T66"]
[Site "Internet Chess Club"]
[Date "2015.09.25"]
[Round "4"]
[White "Littlemon"]
[Black "unclevinny"]
[Result "1/2-1/2"]
[WhiteElo "1552"]
[BlackElo "1637"]
[Opening "QGD Slav defense: exchange variation"]
[ECO "D10"]
[Time "20:00:28"]
[TimeControl "2700+45"]

1. d4 d5 2. c4 c6 3. cxd5 cxd5 4. Bf4 Nc6 5. e3 e6 6. Nc3 Bd6 7. Bxd6 Qxd6 8. f4
Nf6 9. Nf3 O-O 10. Ne5 Nd7 11. Bd3 f6 12. Qh5 f5 13. O-O Nf6 14. Qh4 a6 15. Rf3
Qe7 16. Ne2 Bd7 17. Ng3 Be8 18. Be2 Ne4 19. Qxe7 Nxe7 20. Nxe4 dxe4 21. Rff1 Nd5
22. Kf2 Rc8 23. Rac1 Bf7 24. a3 Rfd8 25. Rfe1 Be8 26. h3 Ba4 27. Bh5 g6 28. Be2
Bb3 29. g4 Nb6 30. Rc3 Rxc3 31. bxc3 Rc8 32. Rc1 Nc4 33. Bxc4 Bxc4 34. Nxc4 Rxc4
35. g5 Kf7 36. Ke2 Ke7 37. Kd2 Kd6 38. Rc2 Kc6 39. Rb2 b5 40. Kc2 Ra4 41. Rb3
Rc4 42. Rb4 Kd5 43. Kb3 Rxb4+ 44. Kxb4 Kc6 45. a4 Kb6 46. axb5 axb5 47. c4 bxc4
48. Kxc4 Kc6 49. Kb4 Kb6 50. Ka4 Ka6 51. Kb4 Kb6 52. Kc4 Kc6 53. Kb4 Kb6 54. Kc4
Kc6 55. Kb4 Kb6 56. Ka4 Ka6 57. Kb4 Kb6 58. h4 Kc6 59. Ka5 Kb7 60. Kb5 Kc7 61.
Kc5 Kd7 62. Kb6 Kd6 {Game drawn by mutual agreement} 1/2-1/2

[Event "Team 45 45 League T66"]
[Site "Internet Chess Club"]
[Date "2015.09.23"]
[Round "4"]
[White "burnsy"]
[Black "giantwood"]
[Result "1-0"]
[WhiteElo "1604"]
[BlackElo "1455"]
[Opening "Sicilian"]
[ECO "B50"]
[Time "20:30:21"]
[TimeControl "2700+45"]

1. e4 c5 2. Nf3 d6 3. Bc4 Nc6 4. c3 Bd7 5. Bb3 Nf6 6. d3 e6 7. Nbd2 Be7 8. Nf1
O-O 9. Ng3 Qc7 10. h3 d5 11. exd5 exd5 12. d4 c4 13. Bc2 Rfe8 14. Be3 Bd6 15.
Ne2 b5 16. O-O b4 17. Bg5 Ne4 18. Bxe4 Rxe4 19. Qd2 Rae8 20. Rfe1 h6 21. Be3
R4e6 22. Nf4 Bxf4 23. Bxf4 Rxe1+ 24. Rxe1 Rxe1+ 25. Nxe1 Qb7 26. Nf3 a5 27. Bxh6
bxc3 28. Qg5 Be6 29. Qxg7# {Black checkmated} 1-0

[Event "Team 45 45 League T66"]
[Site "Internet Chess Club"]
[Date "2015.09.27"]
[Round "4"]
[White "moodle"]
[Black "scostanzo212"]
[Result "1-0"]
[WhiteElo "1697"]
[BlackElo "1450"]
[Opening "Caro-Kann: exchange, Rubinstein variation"]
[ECO "B13"]
[Time "18:01:23"]
[TimeControl "2700+45"]

1. e4 c6 2. d4 d5 3. exd5 cxd5 4. Bd3 Nc6 5. c3 Nf6 6. Bf4 e6 7. Nf3 Bd6 8. Bg3
a6 9. Nbd2 b5 10. a3 Bb7 11. O-O Rc8 12. Re1 Bxg3 13. hxg3 Na5 14. Ne5 Nc4 15.
Rb1 Nxe5 16. Rxe5 Nd7 17. Re1 Nb6 18. Nf3 Nc4 19. Qe2 h6 20. Ne5 Qd6 21. Nf3 O-O
22. Nh2 Nxa3 23. bxa3 Rxc3 24. Ra1 Rfc8 25. Qe3 Rxa3 26. Bh7+ Kxh7 27. Rxa3 b4
28. Rb3 a5 29. Qd3+ Kg8 30. Qb5 Qa6 31. Qxa6 Bxa6 32. Ra1 Bc4 33. Rb2 Ra8 34.
Rxb4 axb4 35. Rxa8+ Kh7 36. Rb8 b3 37. Nf3 Kg6 38. Nd2 Kf5 39. Nxb3 Ke4 40. f3+
Kd3 41. Kf2 f6 42. g4 Kc3 43. Na5 Kxd4 44. Nxc4 Kxc4 45. Rb7 e5 46. Rxg7 Kd3 47.
Rg6 Kd2 48. Rxf6 d4 49. Rd6 d3 50. g3 Kc2 51. Ke3 {Black resigns} 1-0

[Event "Team 45 45 League T66"]
[Site "Internet Chess Club"]
[Date "2015.09.27"]
[Round "4"]
[White "andrewliang"]
[Black "JefferyChess"]
[Result "0-1"]
[WhiteElo "1634"]
[BlackElo "1876"]
[Opening "Ruy Lopez: 5.O-O"]
[ECO "C78"]
[Time "11:33:53"]
[TimeControl "2700+45"]

1. e4 e5 2. Nf3 Nc6 3. Bb5 a6 4. Ba4 Nf6 5. O-O b5 6. Bb3 Bc5 7. a4 Rb8 8. c3 d6
9. d4 Bb6 10. dxe5 Nxe5 11. Nxe5 dxe5 12. Qxd8+ Kxd8 13. Be3 Bxe3 14. fxe3 Ke7
15. Nd2 Rd8 16. Nf3 Be6 17. Bxe6 Kxe6 18. axb5 axb5 19. Ra6+ Rb6 20. Ra7 Rd7 21.
Ng5+ Ke7 22. Nf3 Re6 23. Ng5 Red6 24. Rf5 Rd1+ 25. Kf2 R1d2+ 26. Kf3 Rxb2 27.
Rxe5+ Kd6 28. Rf5 h6 29. e5+ Kc6 30. exf6 g6 31. Re5 hxg5 32. Rxg5 Kb6 33. Ra8
Rd6 34. Ke4 Rxf6 35. Rf8 c6 36. h4 Rff2 37. g3 Rb3 38. Kd4 Rd2+ 39. Ke5 Rxc3 40.
Rxf7 Rxe3+ 41. Kf4 Re1 42. Kg4 Rd4+ 43. Kh3 Rd6 44. Rg7 b4 45. R5xg6 Rxg6 46.
Rxg6 b3 47. Rg8 Kb7 48. Rg7+ Kb6 49. Rg8 Rb1 50. h5 b2 51. Kg4 Ka7 52. Rg7+ Ka6
53. Rg8 Rc1 54. Rb8 b1=Q 55. Rxb1 Rxb1 56. h6 Rh1 57. Kg5 c5 58. Kg6 c4 {White
resigns} 0-1

[Event "Team 45 45 League T66"]
[Site "Internet Chess Club"]
[Date "2015.09.27"]
[Round "4"]
[White "Constrictor"]
[Black "qingjoshua"]
[Result "0-1"]
[WhiteElo "1592"]
[BlackElo "1669"]
[Opening "Grünfeld with Bf4 & e3"]
[ECO "D93"]
[Time "16:02:24"]
[TimeControl "2700+45"]

1. Nf3 Nf6 2. d4 g6 3. c4 d5 4. Nc3 Bg7 5. Bf4 O-O 6. e3 c5 7. dxc5 Ne4 8. Nxd5
Bxb2 9. Rb1 Qa5+ 10. Nd2 Bc3 11. Nxc3 Nxc3 12. Nb3 Qa3 13. Qd4 Nxb1 14. Bh6 Qb4+
15. Ke2 Nc3+ 16. Kf3 f6 17. Bxf8 Nc6 18. Qh4 g5 19. Qh6 Ne5+ 20. Kg3 Ne4# {White
checkmated} 0-1

[Event "Team 45 45 League T66"]
[Site "Internet Chess Club"]
[Date "2015.09.27"]
[Round "4"]
[White "XGG123"]
[Black "elessar"]
[Result "0-1"]
[WhiteElo "1327"]
[BlackElo "1642"]
[Opening "Sicilian: Kan, 5.Nc3"]
[ECO "B48"]
[Time "14:00:31"]
[TimeControl "2700+45"]

1. e4 c5 2. Nf3 e6 3. d4 cxd4 4. Nxd4 a6 5. Nc3 Qc7 6. Be3 Nc6 7. Bd3 Nf6 8. f4
Bc5 9. Bc4 Bxd4 10. Bxd4 Qxf4 11. Bxf6 Qxf6 12. Rf1 Qh4+ 13. g3 Qh6 14. Qf3 Ne5
15. Qe2 Nxc4 16. Qxc4 Qe3+ 17. Qe2 Qxe2+ 18. Kxe2 b5 19. Rf3 Bb7 20. Re3 Ke7 21.
Rf1 d6 22. Ref3 Rhf8 23. Ke3 Rac8 24. R3f2 Rc4 25. Rd2 b4 26. Nb1 Rxe4+ 27. Kd3
e5 28. Rfd1 Rd4+ 29. Ke3 Rxd2 30. Rxd2 Ke6 31. c3 bxc3 32. bxc3 Ra8 33. Na3 d5
34. c4 d4+ 35. Kd3 Rb8 36. Nc2 f5 37. Re2 Be4+ 38. Kd2 Rb2 39. Kc1 Rxc2+ 40.
Rxc2 Bxc2 41. Kxc2 e4 42. Kd2 Kd6 {White resigns} 0-1

[Event "Team 45 45 League T66"]
[Site "Internet Chess Club"]
[Date "2015.09.26"]
[Round "4"]
[White "Hal2001"]
[Black "FosterChess"]
[Result "1-0"]
[WhiteElo "1655"]
[BlackElo "1511"]
[Opening "Scotch gambit"]
[ECO "C44"]
[Time "13:00:52"]
[TimeControl "2700+45"]

1. e4 e5 2. Nf3 Nc6 3. d4 exd4 4. Bc4 h6 5. O-O Nf6 6. e5 Nh7 7. Re1 Bc5 8. c3
dxc3 9. Bxf7+ Kxf7 10. Qd5+ Ke8 11. Qxc5 cxb2 12. Bxb2 Qe7 13. Qc3 Qb4 14. Qc2
Ng5 15. Nbd2 Ne6 16. Rab1 Qg4 17. h3 Qf4 18. Re4 Qf5 19. Rbe1 Qg6 20. Qc4 Rf8
21. Rg4 Qf7 22. Ba3 Rg8 23. Qe4 b6 24. Qg6 Qxg6 25. Rxg6 Kf7 26. Nh4 Nf4 27. Rg4
Ne6 28. f4 g6 29. Rf1 Ba6 30. Rf2 Rad8 31. Ne4 Rg7 32. Rg3 Rdg8 33. Nf6 Rd8 34.
Re3 Ne7 35. Bxe7 Kxe7 36. f5 Ng5 37. Nxg6+ Kf7 38. Nh5 Rgg8 39. Ngf4 Bc4 40. h4
Nh7 41. Rc2 Ba6 42. Rxc7 Nf8 43. e6+ Ke7 44. exd7+ Kd6 45. Rxa7 Bb5 46. Ne6 Nxe6
47. fxe6 Rg6 48. e7 {Black resigns} 1-0

[Event "Team 45 45 League T66"]
[Site "Internet Chess Club"]
[Date "2015.09.26"]
[Round "4"]
[White "Percival"]
[Black "JJ12"]
[Result "1-0"]
[WhiteElo "2073"]
[BlackElo "1982"]
[Opening "QGD: exchange, positional line"]
[ECO "D35"]
[Time "20:00:15"]
[TimeControl "2700+45"]

1. d4 Nf6 2. c4 e6 3. Nc3 d5 4. cxd5 exd5 5. Bg5 Be7 6. e3 O-O 7. Bd3 c6 8. Nge2
Nbd7 9. O-O Re8 10. Qc2 Nf8 11. f3 g6 12. Rad1 Ne6 13. Bh4 b5 14. Bf2 Bb7 15. h3
a6 16. e4 Rc8 17. e5 Nd7 18. f4 f5 19. Kh2 c5 20. Qd2 b4 21. Nb1 c4 22. Bc2 Rf8
23. Be3 a5 24. g4 Ng7 25. gxf5 gxf5 26. Rg1 Kh8 27. Ng3 Nb6 28. Qg2 Rc6 29. Nxf5
Nxf5 30. Bxf5 Rg8 31. Qxg8+ Qxg8 32. Rxg8+ Kxg8 33. Rg1+ Kh8 34. Bc2 a4 35. f5
b3 36. axb3 cxb3 37. Bd3 Nd7 38. Nc3 a3 39. Nxd5 Bf8 40. e6 Rc8 41. exd7 Rd8 42.
Nf4 a2 43. Bc4 Bd6 44. Bxb3 Be4 45. Bxa2 {Black resigns} 1-0

[Event "Team 45 45 League T66"]
[Site "Internet Chess Club"]
[Date "2015.09.25"]
[Round "4"]
[White "ShootStraight"]
[Black "HematiteBrown"]
[Result "0-1"]
[WhiteElo "1940"]
[BlackElo "2031"]
[Opening "King's Indian: 4.e4"]
[ECO "E70"]
[Time "19:00:10"]
[TimeControl "2700+45"]

1. d4 Nf6 2. c4 g6 3. Nc3 Bg7 4. e4 d6 5. Bd3 O-O 6. Nge2 Nc6 7. O-O e5 8. d5
Nd4 9. Nb5 Nxe2+ 10. Qxe2 c6 11. Nc3 Bg4 12. f3 Bd7 13. Be3 Nh5 14. Rac1 c5 15.
a3 Nf4 16. Qd2 f5 17. b4 b6 18. bxc5 bxc5 19. Rb1 Rf7 20. Bc2 Qa5 21. Rb3 a6 22.
Rfb1 Raf8 23. Rb6 Qxc3 24. Qxc3 Ne2+ 25. Kf2 Nxc3 26. R1b3 fxe4 27. Rxc3 exf3
28. g3 e4 29. Rxd6 Bxc3 30. Bxc5 Be1+ {White resigns} 0-1

[Event "Team 45 45 League T66"]
[Site "Internet Chess Club"]
[Date "2015.09.27"]
[Round "4"]
[White "TerryMalloy"]
[Black "bobhill"]
[Result "1-0"]
[WhiteElo "2045"]
[BlackElo "1966"]
[Opening "Sicilian: dragon, Yugoslav attack, 12.h4"]
[ECO "B79"]
[Time "18:26:16"]
[TimeControl "2700+45"]

1. e4 c5 2. Nf3 d6 3. d4 cxd4 4. Nxd4 Nf6 5. Nc3 g6 6. Be3 Bg7 7. f3 Nc6 8. Bc4
O-O 9. Qd2 Bd7 10. O-O-O Qa5 11. Bb3 Rfc8 12. h4 Ne5 13. Kb1 Nc4 14. Bxc4 Rxc4
15. Nb3 Qc7 16. g4 Be6 17. h5 a5 18. Nd4 a4 19. hxg6 hxg6 20. Ndb5 Qc8 21. Bh6
Qf8 22. a3 Rac8 23. Rh2 Bxh6 24. Rxh6 Qg7 25. Rdh1 Bxg4 26. Rh8+ Qxh8 27. Rxh8+
Kxh8 28. fxg4 Kg7 29. Nd4 Nxg4 30. Nd5 e5 31. Nb5 Rxe4 32. Ndc3 Rec4 33. Qg2 Rf4
34. Nxd6 Rh8 35. Qxb7 Rh2 36. Nxa4 Rxa4 37. Qxf7+ Kh6 38. Nc4 Rf2 39. Qe6 Rf5
40. b3 Ra8 41. a4 Raf8 42. a5 Kh5 43. Kb2 R8f6 44. Qe8 Kh4 45. b4 g5 46. Nd2 Rf4
47. c3 Rf2 48. Kc2 Kg3 49. Qe7 Rh2 50. Kd3 Nf2+ 51. Kc4 Rf4+ 52. Kb5 Ng4 53. Nc4
e4 54. Qxg5 Rhf2 55. Ka4 Kf3 56. Kb3 e3 57. Nxe3 Nxe3 58. a6 Rg2 59. Qh5+ Ke4
60. a7 Rf8 61. Qh7+ Ke5 62. Qe7+ {Black resigns} 1-0

[Event "Team 45 45 League T66"]
[Site "Internet Chess Club"]
[Date "2015.09.25"]
[Round "4"]
[White "misuc56"]
[Black "charles-allen"]
[Result "1-0"]
[WhiteElo "1776"]
[BlackElo "1832"]
[Opening "Queen's gambit declined"]
[ECO "D30"]
[Time "15:00:09"]
[TimeControl "2700+45"]

1. d4 d5 2. c4 e6 3. e3 c5 4. Nf3 Nc6 5. cxd5 exd5 6. h3 Nf6 7. Nc3 Bd6 8. Be2
O-O 9. O-O Re8 10. a3 c4 11. b3 Na5 12. bxc4 Nxc4 13. Bxc4 dxc4 14. Qc2 a6 15.
a4 Qe7 16. Bb2 Bd7 17. d5 Rac8 18. a5 Bb4 19. Rfd1 Qc5 20. Na4 Bxa4 21. Rxa4 c3
22. Bc1 Nxd5 23. e4 Ne7 24. Be3 Qc4 25. Rd4 Qe6 26. Raxb4 Nc6 27. Rxb7 Nxd4 28.
Nxd4 Qc4 29. Rb1 Re5 30. Ra1 Rd8 31. Ra4 Qc7 32. Bf4 f6 33. Bxe5 fxe5 34. Nf3
Qd7 35. Rc4 {Black resigns} 1-0

[Event "Team 45 45 League T66"]
[Site "Internet Chess Club"]
[Date "2015.09.26"]
[Round "4"]
[White "chsrules88"]
[Black "PolishRyszard"]
[Result "1-0"]
[WhiteElo "2037"]
[BlackElo "1930"]
[Opening "Sicilian: Labourdonnais-Löwenthal (Kalashnikov) variation"]
[ECO "B32"]
[Time "14:00:27"]
[TimeControl "2700+45"]

1. e4 c5 2. Nf3 Nc6 3. d4 cxd4 4. Nxd4 e5 5. Nb5 d6 6. N1c3 a6 7. Na3 b5 8. Nd5
Nf6 9. Bg5 Be7 10. Bxf6 Bxf6 11. c3 O-O 12. Nc2 g6 13. Nce3 Bg7 14. Bd3 Rb8 15.
O-O b4 16. Qa4 Qd7 17. Bxa6 Bxa6 18. Qxa6 Kh8 19. Rfd1 f5 20. exf5 bxc3 21. bxc3
gxf5 22. Rab1 f4 23. Nc4 Rxb1 24. Rxb1 f3 25. Nce3 Nb8 26. Qb7 Qd8 27. Qe7 fxg2
28. Qxd8 Rxd8 29. Rb7 e4 30. Re7 Be5 31. Nc4 Nc6 32. Rc7 Rg8 33. Nxe5 Nxe5 34.
Rxh7+ Kxh7 35. Nf6+ Kg7 36. Nxg8 Kxg8 37. a4 Nc4 38. Kxg2 Kg7 39. Kg3 Kf6 40.
Kf4 d5 41. h4 Kg6 42. a5 Kh5 43. a6 Kxh4 44. a7 Nb6 45. Ke5 Kg4 46. Kd4 Kf3 47.
Kc5 Na8 48. Kxd5 Nb6+ 49. Kc6 Na8 50. Kb7 Kxf2 51. Kxa8 e3 52. Kb7 e2 53. a8=Q
e1=Q 54. Qf8+ Kg3 55. Qd6+ Kg4 56. Qd4+ Kf5 57. Qd5+ Kf6 58. c4 Qe7+ 59. Kb6
Qb4+ 60. Qb5 Qd2 61. c5 Qd8+ 62. Kb7 Qe7+ 63. Ka6 Qe1 64. c6 Qa1+ 65. Kb7 Qh1
66. Qc5 Ke6 67. Qb6 Kd6 68. Qd8+ Kc5 69. Qe7+ Kb5 70. Qe5+ Kc4 71. Kc7 Qh7+ 72.
Kd8 Qg8+ 73. Kd7 Qf7+ 74. Kd6 Qf8+ 75. Qe7 Qf4+ 76. Kd7 Qd4+ 77. Kc8 Qh8+ 78.
Qd8 Qh3+ 79. Kb7 Qf3 80. Qd6 Kb5 81. Qe6 Kc5 82. Qe5+ Kc4 83. Kb6 Qb3+ 84. Kc7
Qf3 85. Kd6 Qd3+ 86. Ke6 Qh3+ 87. Ke7 Qh7+ 88. Kd8 Qg8+ 89. Kc7 Qf7+ 90. Kb6
Qf2+ 91. Ka6 Qa2+ 92. Qa5 Qg2 93. c7 Qa8+ 94. Kb6 {Black resigns} 1-0

[Event "Team 45 45 League T66"]
[Site "Internet Chess Club"]
[Date "2015.09.27"]
[Round "4"]
[White "lingicer2003"]
[Black "fishhead"]
[Result "0-1"]
[WhiteElo "1922"]
[BlackElo "1904"]
[Opening "King's Indian: 5.Nf3"]
[ECO "E90"]
[Time "15:00:28"]
[TimeControl "2700+45"]

1. d4 Nf6 2. Nf3 g6 3. c4 Bg7 4. Nc3 d6 5. e4 c6 6. Be2 Qc7 7. O-O Nbd7 8. Bf4
e5 9. Be3 O-O 10. h3 Re8 11. d5 c5 12. Nd2 a6 13. a3 h6 14. Re1 g5 15. g4 Nf8
16. Nf1 Ng6 17. Ng3 Nf4 18. Bf1 Kh7 19. Qc2 Rh8 20. Bxf4 gxf4 21. Nge2 Nd7 22.
f3 Nf8 23. Nc1 Bf6 24. Nd3 Ng6 25. Reb1 Bd7 26. b4 b6 27. Rb3 Nh4 28. Ne1 Rag8
29. Kh2 h5 30. Qf2 hxg4 31. fxg4 Ng6 32. Be2 Bh4 33. Qg2 Bg3+ 34. Kg1 Nh4 35.
Qh1 Rg6 36. Ng2 Kg7 37. Nd1 Rgh6 38. Nxh4 Rxh4 39. Nf2 b5 40. Qg2 bxc4 41. Rxg3
fxg3 42. Qxg3 cxb4 43. axb4 Qb6 44. Kg2 Bb5 45. Rc1 Qd4 46. Qc3 Rc8 47. Nd1
Qxe4+ 48. Bf3 Qf4 49. Ne3 Kf8 50. Nf5 Rh7 51. Nxd6 Rd8 52. Nxc4 f6 53. Ne3 Rxh3
54. Kxh3 Qxf3+ 55. Kh4 Qf2+ 56. Kh3 Qf3+ 57. Kh4 Qf2+ 58. Kh3 Kg7 59. Nf5+ Kg6
60. Nh4+ Kg5 61. Rh1 Qxh4+ 62. Kg2 Qxg4+ 63. Kf2 Qd4+ 64. Qxd4 exd4 65. Rg1+ Kf4
66. Rd1 Rxd5 {White resigns} 0-1

[Event "Team 45 45 League T66"]
[Site "Internet Chess Club"]
[Date "2015.09.25"]
[Round "4"]
[White "room-matt"]
[Black "diegoami"]
[Result "1/2-1/2"]
[WhiteElo "1856"]
[BlackElo "1761"]
[Opening "Sicilian: Grand Prix attack"]
[ECO "B21"]
[Time "15:20:24"]
[TimeControl "2700+45"]

1. e4 c5 2. f4 e6 3. Nf3 d5 4. Bb5+ Bd7 5. Bxd7+ Qxd7 6. exd5 exd5 7. Ne5 Qc7 8.
O-O Bd6 9. Re1 Ne7 10. Nc3 O-O 11. Nb5 Qb6 12. Nxd6 Qxd6 13. b3 Nbc6 14. Bb2 f6
15. Nxc6 Nxc6 16. Qg4 Rfe8 17. a3 b5 18. Qh5 Re7 19. Rxe7 Nxe7 20. Re1 Rd8 21.
f5 d4 22. Re6 Qd7 23. Bc1 d3 24. cxd3 Qd4+ 25. Re3 Qa1 26. Re1 Qd4+ 27. Re3 Qa1
28. Re1 Qd4+ 29. Re3 Qa1 {Game drawn by repetition} 1/2-1/2

[Event "Team 45 45 League T66"]
[Site "Internet Chess Club"]
[Date "2015.09.28"]
[Round "4"]
[White "chessabc"]
[Black "otherook"]
[Result "0-1"]
[WhiteElo "1836"]
[BlackElo "1760"]
[Opening "Trompowsky attack (Ruth, Opocenský opening)"]
[ECO "A45"]
[Time "19:01:37"]
[TimeControl "2700+45"]

1. d4 Nf6 2. Bg5 e6 3. Nd2 h6 4. Bh4 c5 5. e3 cxd4 6. exd4 Be7 7. Bd3 b6 8. Ngf3
Bb7 9. Qe2 O-O 10. O-O-O Nc6 11. Bxf6 Bxf6 12. Qe4 g6 13. c3 d5 14. Qg4 Bg7 15.
h4 Rc8 16. Kb1 Qf6 17. Rde1 Rce8 18. Qg3 e5 19. dxe5 Nxe5 20. Nxe5 Rxe5 21. f4
Rxe1+ 22. Rxe1 Bc8 23. Ka1 Bf5 24. Bb5 d4 25. c4 d3 26. Rb1 Rd8 27. Qf2 Qd4 28.
Qf3 h5 29. Nb3 Qf6 30. Qf2 d2 31. Nxd2 Bxb1 32. Nxb1 Rd1 33. g3 Qf5 {White
resigns} 0-1

[Event "Team 45 45 League T66"]
[Site "Internet Chess Club"]
[Date "2015.09.26"]
[Round "4"]
[White "LordKinbote"]
[Black "Portola"]
[Result "1-0"]
[WhiteElo "1655"]
[BlackElo "1837"]
[Opening "French: advance, Milner-Barry gambit"]
[ECO "C02"]
[Time "09:08:38"]
[TimeControl "2700+45"]

1. e4 e6 2. d4 d5 3. e5 c5 4. c3 Nc6 5. Nf3 Qb6 6. Bd3 Bd7 7. O-O cxd4 8. cxd4
Nxd4 9. Nxd4 Qxd4 10. Nc3 a6 11. Qf3 Ne7 12. Bf4 Ng6 13. Ne2 Qb6 14. Bg3 Bc6 15.
Rfc1 Be7 16. Rc2 O-O 17. h4 Bxh4 18. Bxh4 Nxh4 19. Bxh7+ Kxh7 20. Qh5+ Kg8 21.
Qxh4 Rac8 22. Rc3 Qd8 23. Qh5 f6 24. Nf4 Qe8 25. Ng6 f5 26. Rh3 a5 27. Rd1 Bb5
28. Qh8+ Kf7 29. Nxf8 Qxf8 30. Qxf8+ Rxf8 31. Rc1 Bc6 32. b3 Kg8 33. f4 Ra8 34.
a3 Ra6 35. Kf2 Rb6 36. Rc5 a4 37. b4 g6 38. Rhc3 Kg7 39. Kg3 Kh6 40. Kh4 Bb5 41.
Rc7 Rc6 42. R7xc6 bxc6 43. Rh3 d4 44. Kg3+ Kg7 45. Kf2 Bc4 46. Ke1 Kg8 47. Kd2
Kg7 48. Rh1 Bd5 49. Kd3 Bxg2 50. Rg1 Bd5 51. Rg5 Kh7 52. Kxd4 Kg7 53. Kc5 Kf7
54. Kd6 Kg7 55. Ke7 Bc4 56. Rg3 Bb3 57. Rc3 Bd5 58. Rc1 Be4 59. Kxe6 {Black
resigns} 1-0

[Event "Team 45 45 League T66"]
[Site "Internet Chess Club"]
[Date "2015.09.25"]
[Round "4"]
[White "rubo"]
[Black "Whalen"]
[Result "0-1"]
[WhiteElo "1605"]
[BlackElo "1674"]
[Opening "Sicilian: Grand Prix attack, Schofman variation"]
[ECO "B23"]
[Time "16:01:01"]
[TimeControl "2700+45"]

1. e4 c5 2. Nc3 Nc6 3. f4 g6 4. Nf3 Bg7 5. Bc4 e6 6. f5 Nge7 7. fxe6 fxe6 8. d3
d5 9. exd5 exd5 10. Bb3 b5 11. a3 Bg4 12. O-O c4 13. dxc4 bxc4 14. Ba4 O-O 15.
Bxc6 Qb6+ 16. Kh1 Qxc6 17. Bg5 Rae8 18. Bxe7 Rxe7 19. Qxd5+ Qxd5 20. Nxd5 Rd7
21. Ne3 Bxf3 22. Rxf3 Rxf3 23. gxf3 Bxb2 24. Rb1 Bxa3 25. Nxc4 Bf8 26. Rb8 Rc7
27. Ne5 Kg7 28. c4 Bd6 29. f4 Kf6 30. Ng4+ Kf5 31. Ne3+ Ke4 32. Re8+ Kf3 33. f5
Rb7 34. Ng2 Rb1+ 35. Re1 Rxe1+ 36. Nxe1+ Ke2 37. fxg6 hxg6 38. Ng2 a5 39. Nh4 a4
40. Kg2 a3 41. Nf3 Bc5 {White resigns} 0-1